 Dungeon Crawl Stone Soup version 0.20-a0-2-g2b0e13a (webtiles) character file.

3160 poirepourri the Thaumaturge (level 9, 0/47 HPs)
             Began as a Deep Elf Conjurer on Oct 29, 2016.
             Slain by an orc warrior
             ... wielding a +4 hand axe
              (16 damage)
             ... on level 7 of the Dungeon.
             The game lasted 00:13:32 (10022 turns).

poirepourri the Thaumaturge (Deep Elf Conjurer)    Turns: 10022, Time: 00:13:33

Health: 0/47       AC:  6    Str:  5    XL:     9   Next: 62%
Magic:  0/28       EV: 15    Int: 24    God:
Gold:   350        SH:  0    Dex: 17    Spells: 6 memorised, 15 levels left

rFire  . . .     SeeInvis .     b - staff of wizardry
rCold  . . .     Gourm    .     g - +2 robe
rNeg   . . .     Faith    .     (no shield)
rPois  .         Spirit   +     (no helmet)
rElec  .         Reflect  .     j - +0 cloak
rCorr  .         Harm     .     (no gloves)
MR     .....                    l - +0 pair of boots
Stlth  +.........               d - amulet of guardian spirit
                                x - ring of loudness (curse)
                                e - +2 ring of dexterity

@: about to teleport
A: no striking features
a: no special abilities


You were on level 7 of the Dungeon.
You were not hungry.

You visited 1 branch of the dungeon, and saw 7 of its levels.

You collected 350 gold pieces.

Inventory:

Hand Weapons
 a - a +1 dagger of venom
 f - a +1 dagger of draining
Armour
 g - a +2 robe (worn)
 j - a +0 cloak (worn)
 l - a +0 pair of boots (worn)
Magical Staves
 b - an uncursed staff of wizardry (weapon)
 A - an uncursed staff of cold
Jewellery
 d - an amulet of guardian spirit (around neck)
 e - a +2 ring of dexterity (left hand)
 m - an uncursed ring of protection from fire
 n - an uncursed ring of ice
 v - a cursed -4 ring of dexterity
 x - a cursed ring of loudness (right hand)
 C - an uncursed ring of fire {unknown}
Wands
 y - a wand of iceblast (4/15)
Scrolls
 c - 2 scrolls of amnesia
 h - a scroll of teleportation
 w - a scroll of remove curse
Potions
 i - a potion of ambrosia
 t - a potion of agility
 z - a potion of magic {unknown}
 B - a potion of beneficial mutation {unknown}
 E - a potion of brilliance {unknown}
 F - a potion of mutation {unknown}
Books
 u - a book of Conjurations

   Spells                             Type                      Level
   a - Magic Dart                     Conjuration                  1
   b - Searing Ray                    Conjuration                  2
   c - Dazzling Spray                 Conjuration/Hexes            3
   d - Fulminant Prism                Conjuration/Hexes            4
   e - Iskenderun's Mystic Blast      Conjuration                  4
   f - Iskenderun's Battlesphere      Conjuration/Charms           5
 D - a book of Callings

   Spells                             Type                      Level
   a - Summon Small Mammal            Summoning                    1
   b - Call Imp                       Summoning                    2
   c - Call Canine Familiar           Summoning                    3
   d - Summon Guardian Golem          Hexes/Summoning              3
   e - Summon Lightning Spire         Summoning/Air                4
   f - Summon Ice Beast               Ice/Summoning                4
Comestibles
 k - a slice of pizza
 q - 5 meat rations


   Skills:
 + Level 1.3 Fighting
 + Level 5.0 Dodging
 - Level 2.4 Stealth
 * Level 13.1 Spellcasting
 + Level 9.6 Conjurations
 + Level 0.4 Evocations


You had 15 spell levels left.
You knew the following spells:

 Your Spells              Type           Power        Failure   Level  Hunger
a - Magic Dart            Conj           ####         1%          1    None
b - Searing Ray           Conj           ######       1%          2    None
c - Dazzling Spray        Conj/Hex       #####.       1%          3    None
d - Fulminant Prism       Conj/Hex       #####.....   2%          4    None
e - Iskenderun's Mystic   Conj           ######..     1%          4    None
f - Iskenderun's Battles  Conj/Chrm      #####...     7%          5    ###....


Dungeon Overview and Level Annotations

Branches:
Dungeon (7/15)             Temple (0/1) D:5

Altars:
Cheibriados
Fedhas
Makhleb
Nemelex Xobeh
Ru
Uskayaw
Vehumet
Xom
Zin


Message History

The hound bites you.
A kobold comes into view.
Things that are here:
a flail; a club A kobold comes into view.
It is wielding a short sword.
The kobold shouts!
You see here a falchion.
Casting: Magic Dart
Confirm with . or Enter, or press ? or * to list all spells.
Aiming: Dazzling Spray
Press: ? - help, Shift-Dir - straight line, f/p - orc warrior
Aim: an orc warrior, wielding an enchanted hand axe and wearing a plate armour (moderately wounded)
The spray of energy hits the hound.
You kill the hound!
Your Dodging skill increases to level 5!
The kobold completely misses you.
As you read the scroll of teleportation, it crumbles to dust.
You feel strangely unstable.
The orc warrior hits you with an enchanted hand axe!!
You die...

.#........####....#
###)).......##...###########
##.).###...###...# #.......#
.....####.## ###.###.#####.#
...........#####..##.# #.#
.....................# ##.##
#######.......#.KK#### ##...## #
##.#######K## ##.....##
########.## #@# #.......#
..........# #o# #.......###
###.####..# ##'## #.......... #.#
#..# ##o..## ##.........
#.####..# ##.....## ##....###)
#>##....###.......## ##.#.# #.
###(#...#.##o........####....# #[
[......o...).........')......# #.
###.#...#.##.........####....###.


You could see an orc warrior, an orc and 3 kobolds.

Vanquished Creatures
  Joseph (D:7)
  A hippogriff (D:7)
  A hungry ghost (D:7)
  A black bear (D:7)
  An ice beast (D:6)
  2 ogres
  2 orc warriors (D:7)
  3 phantoms (D:7)
  The ghost of brucemayne the Chopper, an amateur DsMo (D:5)
  A centaur (D:7)
  Blork the orc (D:4)
  2 bullfrogs (D:6)
  3 wights (D:7)
  2 howler monkeys (D:7)
  3 crimson imps
  5 hounds
  2 orc priests
  2 bullfrog skeletons
  Natasha (twice) (D:2)
  14 orc wizards
  5 worker ants
  12 adders
  A shadow imp (D:6)
  2 oozes
  A worm (D:4)
  6 dart slugs
  5 leopard geckos
  22 orcs
  2 ball pythons
  6 giant cockroaches
  14 goblins
  7 hobgoblins
  7 jackals
  8 kobolds
  4 quokkas
  5 bats
  3 frilled lizards
  A quokka zombie (D:6)
  7 rats
168 creatures vanquished.

Notes
Turn   | Place    | Note
-------+----------+-------------------------------------------
     0 | D:1      | poirepourri the Deep Elf Conjurer began the quest for the Orb.
     0 | D:1      | Reached XP level 1. HP: 10/10 MP: 6/6
   326 | D:1      | Reached XP level 2. HP: 14/15 MP: 2/8
   527 | D:1      | Reached skill level 5 in Conjurations
   781 | D:1      | Learned a level 2 spell: Searing Ray
  1189 | D:1      | Reached XP level 3. HP: 19/19 MP: 8/10
  1562 | D:2      | Found a sparkling altar of Nemelex Xobeh.
  1712 | D:2      | Found a sacrificial altar of Ru.
  1790 | D:2      | Noticed Natasha
  1795 | D:2      | Killed Natasha
  1795 | D:2      | Reached skill level 4 in Spellcasting
  1795 | D:2      | Reached XP level 4. HP: 24/24 MP: 6/12
  2109 | D:2      | Noticed Natasha
  2113 | D:2      | Killed Natasha
  2556 | D:3      | Learned a level 3 spell: Dazzling Spray
  2561 | D:3      | Learned a level 4 spell: Fulminant Prism
  2634 | D:3      | Reached XP level 5. HP: 28/28 MP: 8/14
  3097 | D:3      | Found a snail-covered altar of Cheibriados.
  3139 | D:3      | Reached skill level 5 in Spellcasting
  3284 | D:3      | Found a blossoming altar of Fedhas.
  3472 | D:3      | Found a radiant altar of Vehumet.
  3848 | D:4      | Reached skill level 6 in Spellcasting
  4087 | D:4      | Noticed Blork the orc
  4093 | D:4      | Killed Blork the orc
  4093 | D:4      | Reached XP level 6. HP: 27/32 MP: 8/17
  4491 | D:4      | Reached skill level 7 in Spellcasting
  4863 | D:4      | Learned a level 4 spell: Iskenderun's Mystic Blast
  4869 | D:4      | Learned a level 5 spell: Iskenderun's Battlesphere
  4889 | D:5      | Entered Level 5 of the Dungeon
  4895 | D:5      | Noticed brucemayne's ghost (amateur DsMo)
  5006 | D:5      | Found a shimmering altar of Xom.
  5006 | D:5      | Found a glowing silver altar of Zin.
  5006 | D:5      | Noticed an angel
  5336 | D:5      | Found a staircase to the Ecumenical Temple.
  5348 | D:5      | Identified a scroll of acquirement
  5739 | D:5      | Killed brucemayne's ghost
  5739 | D:5      | Reached XP level 7. HP: 32/36 MP: 7/20
  5977 | D:5      | Reached skill level 8 in Spellcasting
  6722 | D:6      | Noticed a dagger
  6723 | D:6      | Noticed a dagger
  6726 | D:6      | Found a hide-covered altar of Uskayaw.
  6961 | D:6      | Reached skill level 1 in Fighting
  6961 | D:6      | Reached skill level 9 in Spellcasting
  7135 | D:6      | Reached XP level 8. HP: 43/43 MP: 13/23
  7881 | D:7      | Reached skill level 10 in Spellcasting
  8639 | D:7      | Reached skill level 11 in Spellcasting
  8852 | D:7      | Noticed a hippogriff
  8856 | D:7      | Killed a hippogriff
  8868 | D:7      | Reached XP level 9. HP: 47/47 MP: 1/26
  9131 | D:7      | Reached skill level 12 in Spellcasting
  9191 | D:7      | Noticed Joseph
  9196 | D:7      | Killed Joseph
  9714 | D:7      | Reached skill level 13 in Spellcasting
  9949 | D:7      | Found a burning altar of Makhleb.
 10021 | D:7      | Reached skill level 5 in Dodging
 10022 | D:7      | Slain by an orc warrior

Vault maps used:
D:1:      shiori_arrival_oz, corexii_corridor_pit
D:2:      nemelex_xobeh_ov_fountains_minmay, lemuel_crystal_altar, uniq_natasha
D:3:      marbit_many_paths, nicolae_overflow_hidden_temple,
          lemuel_coloured_pillars_altar, first_bread
D:4:      uniq_blork_the_orc
D:5:      grunt_temple_overflow_order_and_chaos_1, kennysheep_flooded_box,
          minmay_ogre_servants
D:6:      kennysheep_spiral_hall, dancing_weapons_uskayaw,
          hangedman_abyss_or_decor_passed, serial_park_tiny_1
D:7:      minmay_flawed_box, lemuel_doored_altar, uniq_pikel, uniq_joseph

Skill      XL: |  1  2  3  4  5  6  7  8  9 |
---------------+----------------------------+-----
Conjurations   | 5 6 7 8 9 |  9.6
Spellcasting   | 4 6 7 9 11 13 | 13.1
Dodging        | 3 4 5 |  5.0
Fighting       | 1 |  1.3
Stealth        | |  2.4
Evocations     | |  0.4

Action                   |  1- 3 |  4- 6 |  7- 9 || total
-------------------------+-------+-------+-------++-------
Melee: Short sword       |     4 |       |       ||     4
       Dagger            |       |     1 |       ||     1
       Staff             |       |       |    11 ||    11
 Cast: Magic Dart        |    86 |    65 |   155 ||   306
       Searing Ray       |     2 |    26 |    26 ||    54
       Iskenderun's Myst |       |       |    39 ||    39
       Iskenderun's Batt |       |       |     2 ||     2
       Dazzling Spray    |       |       |     3 ||     3
Evoke: Wand              |       |       |     1 ||     1
  Use: Scroll            |     7 |     6 |     6 ||    19
       Potion            |       |       |     9 ||     9
 Stab: Invisible         |       |       |     1 ||     1
  Eat: Bread ration      |     1 |       |     3 ||     4
       Beef jerky        |       |     2 |     1 ||     3
       Meat ration       |       |     1 |       ||     1
       Pizza             |       |     1 |       ||     1
       Fruit             |       |       |     3 ||     3
Armor: Robe              |     7 |     6 |    20 ||    33
       Skin              |       |       |     8 ||     8
Dodge: Dodged            |    20 |    34 |    57 ||   111
